 Dungeon Crawl Stone Soup version bcrawl-1.41 (webtiles) character file.

Game seed: 18341067759317418621

306190 tauben the Cleaver (level 10, -1/114 HPs)
             Began as a Demonspawn Archaeologist on Mar 26, 2024.
             Was a Follower of Sif Muna.
             Slain by a meliai
             ... wielding a +0 vampiric war axe
              (3 damage)
             ... on level 9 of the Dungeon.
             The game lasted 00:17:45 (8643 turns).

tauben the Cleaver (Demonspawn Archaeologist)       Turns: 8643, Time: 00:17:46

Health: -1/114     AC: 13    Str: 18    XL:     10   Next: 40%
Magic:  18/18      EV: 17    Int: 18    God:    Sif Muna [*.....]
Gold:   956        SH:  4    Dex: 16    Spells: 19/19 levels left

rFire    . . .     GDR:     28% d - +6 broad axe (elec)
rCold    + . .     SeeInvis .   (no shield)
rNeg     . . .     Gourm    .   c - +2 ring mail "Horagon" {rC+ Stlth+}
rPois    +         Faith    .   p - +2 helmet
rElec    .         Spirit   .   (no cloak)
rCorr    .         Reflect  .   (no gloves)
MR       ++...                  k - +2 pair of boots
Stlth    ..........             (no amulet)
HPRegen  0.29/turn              h - ring "Xulymmog" {rPois MR+}
MPRegen  0.16/turn              D - ring of protection from magic

@: mighty, agile, berserking, very quick
A: claws 2, large bone plates 1, powered by pain 1
a: Divine Energy, Renounce Religion


You were on level 9 of the Dungeon.
You worshipped Sif Muna.
Sif Muna was aware of your devotion.
You were not hungry.

You visited 2 branches of the dungeon, and saw 10 of its levels.

You collected 956 gold pieces.

Inventory:

Hand Weapons
 b - a +0 blowgun
 d - a +6 broad axe of electrocution (weapon)
Missiles
 f - 5 curare-tipped needles
 m - 16 poisoned tomahawks (quivered)
 o - 955 arrows
 t - 1408 stones
 G - 26 poisoned needles
Armour
 c - the +2 ring mail "Horagon" (worn) {rC+ Stlth+}
   (You found it on level 4 of the Dungeon)

   It protects you from cold.
   It makes you more stealthy.
 i - a +0 medium shield
 k - a +2 pair of boots (worn)
 p - a +2 helmet (worn)
 w - a +0 buckler
Magical Staves
 u - an uncursed staff of air
Jewellery
 h - the ring "Xulymmog" (left claw) {rPois MR+}
   (You acquired it on level 3 of the Dungeon)

   [ring of poison resistance]

   It protects you from poison.
   It affects your resistance to hostile enchantments.
 y - an uncursed ring of magical power
 D - a ring of protection from magic (right claw)
Scrolls
 a - a scroll of fog
 g - a scroll of revelation
 r - 5 scrolls of enchant armour
 s - 2 scrolls of amnesia
 x - 3 scrolls of teleportation
 z - 3 scrolls of immolation
 A - a scroll of fear
 B - 4 scrolls of remove curse
 F - a scroll of brand weapon
 I - a scroll of enchant weapon
Potions
 j - 7 potions of curing
 l - 2 potions of flight
 n - 3 potions of might
 q - a potion of haste
 v - 2 potions of heal wounds
 C - 3 potions of lignification
 H - a potion of berserk rage
Comestibles
 e - 6 rations {!d}


   Skills:
 - Level 6.0 Fighting
 + Level 8.9 Axes
   Level 0.8(5.6) Maces & Flails
 - Level 2.6 Dodging
 - Level 3.0 Stealth
 + Level 6.6 Shields
 - Level 5.0 Spellcasting
 - Level 5.0 Evocations


You had 19 spell levels left.
You didn't know any spells.
Your spell library contained the following spells:

 Spells                   Type           Power        Failure   Level  Hunger
 Flame Tongue             Conj/Fire      #....        24%         1    None
 Slow                     Hex            #.......     24%         1    None
 Static Discharge         Air            #.....       24%         1    None
 Ensorcelled Hibernation  Hex/Ice        #.....       34%         2    None
 Flaming Arrows           Chrm/Fire      #.......     34%         2    None
 Song of Slaying          Chrm           #.......     34%         2    None
 Sublimation of Blood     Necr           #.........   34%         2    None
 Confuse                  Hex            #.......     56%         3    ###....
 Conjure Flame            Conj/Fire      #.......     56%         3    ###....
 Dazzling Orbs            Conj/Hex       #......      56%         3    ###....
 Inner Flame              Hex/Fire       N/A          56%         3    ###....
 Tukima's Dance           Hex            #.......     56%         3    ###....
 Cause Fear               Hex            #.........   93%         4    #####..
 Lightning Bolt           Conj/Air       #.......     93%         4    #####..
 Sticky Flame             Conj/Fire      #.......     93%         4    #####..
 Fireball                 Conj/Fire      #.........   100%        5    ######.
 Piercing Shot            Chrm           #.........   100%        5    ######.
 Summon Lightning Spire   Summ/Air       #.......     100%        5    ######.
 Conjure Ball Lightning   Conj/Air       #.........   100%        6    #######
 Death Channel            Chrm/Necr      #.........   100%        6    #######
 Chain Lightning          Conj/Air       #.........   100%        8    #######


Dungeon Overview and Level Annotations

Branches:
Dungeon (9/12)             Temple (1/1) D:6             Orc (0/1) D:8
   Lair: D:7-9

Altars:
Ashenzari
Cheibriados
Dithmenos
Fedhas
Gozag
Hepliaklqana
Kikubaaqudgha
Lugonu
Makhleb
Nemelex Xobeh
Okawaru
Qazlal
Ru
Sif Muna
Trog
Uskayaw
Vehumet
Wu Jian
Yredelemnul

Annotations:
D:4 1 runed door
D:8 3 runed translucent doors, Turbonekonecno's ghost, novice SpRg


Innate Abilities, Weirdness & Mutations

You have very sharp fingernails.
You are partially covered in large bone plates. (SH +4)
You sometimes gain a little power by taking damage.


Message History

The meliai closely misses you. The meliai stings you.
* * * LOW HITPOINT WARNING * * *
You slice the meliai!! Lightning courses through the meliai!
You kill the meliai!
Sif Muna accepts your kill. The meliai closely misses you.
The meliai stings you!
* * * LOW HITPOINT WARNING * * *
You slice the meliai!!
The meliai is almost dead.
The meliai hits you with a +0 vampiric war axe.
* * * LOW HITPOINT WARNING * * *
The meliai misses you.
You barely miss the meliai.
The meliai is almost dead.
The meliai hits you but does no damage. The meliai barely misses you.
You are too berserk!
You barely miss the meliai.
The meliai is almost dead.
The meliai hits you with a +0 vampiric war axe.
You die...

### ..######## ### .
.......<.. ..# (.
..######## #.# ..H #
#####.##.. #####
...#....... #####....
........(##########...).###
........Hy@..††.....#####
.........############
.........# ..........
...#...##.. ## #### #.. ##.
..


You could see a manticore and a meliai.

Vanquished Creatures
  A tengu warrior (D:9)
  A komodo dragon (D:8)
  A meliai (D:9)
  2 trolls
  A hippogriff (D:9)
  A wyvern (D:9)
  A water moccasin (D:7)
  A crocodile (D:9)
  2 orc warriors
  A phantom (D:5)
  2 sky beasts
  3 black bears
  5 ogres
  3 bullfrogs
  2 kobold brigands (D:6)
  2 centaurs
  2 scorpions
  3 howler monkeys (D:7)
  8 orc priests
  4 crimson imps
  A jelly (D:6)
  A bullfrog skeleton (D:5)
  7 hounds
  A quasit (D:7)
  9 orc wizards
  An iguana (D:9)
  2 worker ants
  A killer bee zombie (D:7)
  2 hound zombies
  2 hound skeletons
  2 worker ant zombies
  8 adders
  18 gnolls
  2 oozes
  2 adder skeletons
  4 worms
  3 dart slugs
  8 leopard geckos
  44 orcs
  3 ball pythons
  A giant cockroach (D:2)
  17 hobgoblins
  4 jackals
  3 quokkas
  A ball python skeleton (D:5)
  7 bats
  4 frilled lizards
  9 goblins
  13 kobolds
  5 rats
231 creatures vanquished.

Vanquished Creatures (others)
  A bush (D:9)
  5 fungi
  11 plants (D:9)
  5 toadstools (D:1)
22 creatures vanquished.

Grand Total: 253 creatures vanquished

Notes
Turn   | Place    | Note
-------+----------+-------------------------------------------
     0 | D:1      | tauben the Demonspawn Archaeologist began the quest for the
                  | Orb.
     0 | D:1      | Reached XP level 1. HP: 15/15 MP: 2/2
   157 | D:1      | Gained mutation: You are partially covered in large bone
                  | plates. (SH +4) [demonic ancestry]
   157 | D:1      | Reached XP level 2. HP: 22/22 MP: 3/3
   729 | D:1      | Reached XP level 3. HP: 26/29 MP: 4/4
  1074 | D:2      | Found a sacrificial altar of Ru.
  1088 | D:2      | Reached XP level 4. HP: 37/37 MP: 5/5
  1738 | D:2      | Found an ornate altar of the Wu Jian Council.
  2096 | D:3      | Gained mutation: You have sharp fingernails. [demonic
                  | ancestry]
  2096 | D:3      | Reached XP level 5. HP: 20/43 MP: 6/6
  2096 | D:3      | Identified a scroll of acquirement
  2106 | D:3      | Reached skill level 5 in Fighting
  2186 | D:3      | Identified the +1 lajatang of the Beast {drain, MR++ MP-9
                  | Str+3 Int+4} (You acquired it on level 3 of the Dungeon)
  2186 | D:3      | Identified the ring "Xulymmog" {rPois MR+} (You acquired it
                  | on level 3 of the Dungeon)
  2225 | D:3      | Found a sparkling altar of Nemelex Xobeh.
  2397 | D:3      | Found a snail-covered altar of Cheibriados.
  2654 | D:3      | Gained mutation: You have very sharp fingernails. [demonic
                  | ancestry]
  2654 | D:3      | Reached XP level 6. HP: 49/52 MP: 7/7
  2669 | D:3      | Reached skill level 1 in Spellcasting
  3378 | D:4      | Got a fading ring mail
  3414 | D:4      | Found a burning altar of Makhleb.
  3675 | D:4      | Found an ancient bone altar of Kikubaaqudgha.
  3815 | D:4      | Found a runed door.
  4379 | D:5      | Entered Level 5 of the Dungeon
  4483 | D:5      | Found a shattered altar of Ashenzari.
  4726 | D:5      | Reached XP level 7. HP: 51/58 MP: 13/13
  5396 | D:5      | Found a faded altar of an unknown god.
  5396 | D:5      | Found a basalt altar of Yredelemnul.
  5413 | D:5      | Reached skill level 5 in Spellcasting
  5449 | D:5      | Found a corrupted altar of Lugonu.
  5451 | D:5      | Found an iron altar of Okawaru.
  5453 | D:5      | Found a glowing golden altar of the Shining One.
  5569 | D:6      | Found a shattered altar of Ashenzari.
  5590 | D:6      | Identified the +2 ring mail "Horagon" {rC+ Stlth+} (You
                  | found it on level 4 of the Dungeon)
  5694 | D:6      | Identified the ring "Pistryng" {rN+ Dex+5} (You acquired it
                  | on level 6 of the Dungeon)
  5708 | D:6      | Found a staircase to the Ecumenical Temple.
  5714 | D:6      | Reached skill level 1 in Axes
  5726 | Temple   | Entered the Ecumenical Temple
  5752 | Temple   | Became a worshipper of Sif Muna the Loreminder
  5981 | D:6      | Found a hazy altar of Hepliaklqana.
  6043 | D:6      | Reached skill level 2 in Axes
  6043 | D:6      | Reached XP level 8. HP: 48/64 MP: 16/16
  6133 | D:6      | Found a white marble altar of Elyvilon.
  6198 | D:6      | Reached skill level 3 in Axes
  6307 | D:6      | Reached skill level 5 in Evocations
  6314 | D:6      | Reached skill level 4 in Axes
  6329 | D:6      | Reached skill level 5 in Axes
  6772 | D:7      | Gained mutation: You sometimes gain a little power by
                  | taking damage. [demonic ancestry]
  6772 | D:7      | Reached XP level 9. HP: 69/69 MP: 17/17
  6778 | D:7      | Reached skill level 1 in Shields
  6782 | D:7      | Reached skill level 6 in Axes
  6940 | D:7      | Found an ornate altar of the Wu Jian Council.
  6947 | D:7      | Reached * piety under Sif Muna
  6961 | D:7      | Identified Sif Muna's Compendium of Unholy Good Luck (Sif
                  | Muna gifted it to you on level 7 of the Dungeon)
  6961 | D:7      | Received a gift from Sif Muna
  6969 | D:7      | Noticed a troll
  6986 | D:7      | Killed a troll
  6987 | D:7      | Reached skill level 7 in Axes
  7163 | D:7      | Found a stormy altar of Qazlal.
  7353 | D:7      | Found a blossoming altar of Fedhas.
  7562 | D:8      | Found a staircase to the Orcish Mines.
  7645 | D:8      | Noticed a komodo dragon
  7652 | D:8      | Killed a komodo dragon
  7783 | D:8      | Noticed a troll
  7789 | D:8      | Killed a troll
  7790 | D:8      | Reached skill level 5 in Shields
  8014 | D:8      | Found a runed translucent gate.
  8016 | D:8      | Found a runed translucent gate.
  8027 | D:8      | Found a runed translucent gate.
  8075 | D:8      | Reached skill level 8 in Axes
  8075 | D:8      | Reached XP level 10. HP: 68/76 MP: 18/18
  8389 | D:8      | Noticed Turbonekonecno's ghost (novice SpRg)
  8389 | D:8      | Identified the +7 dagger of the Land of Plenty {drain,
                  | Str+4 Dex+3}
  8453 | D:9      | Noticed a tengu warrior
  8467 | D:9      | Killed a tengu warrior
  8622 | D:9      | Noticed a manticore
  8641 | D:9      | HP: 2/114 [meliai/+0 vampiric war axe (4)]
  8643 | D:9      | Slain by a meliai

Skill      XL: |  1  2  3  4  5  6  7  8  9 10 |
---------------+-------------------------------+-----
Fighting       | 2 3 4 6 |  6.0
Spellcasting   | 3 5 |  5.0
Evocations     | 3 5 |  5.0
Axes           | 2 5 8 |  8.9
Shields        | 5 6 |  6.6
Maces & Flails | |  0.8
Dodging        | |  2.6
Stealth        | |  3.0

Action                   |  1- 3 |  4- 6 |  7- 9 | 10-12 || total
-------------------------+-------+-------+-------+-------++-------
Melee: Whip              |    22 |       |       |       ||    22
       Dagger            |   106 |   363 |   116 |       ||   585
       Broad axe         |       |       |   220 |    40 ||   260
 Fire: Blowgun           |       |     1 |       |       ||     1
Throw: Stone             |       |     1 |       |       ||     1
  Use: Scroll            |     1 |    10 |     8 |     3 ||    22
       Potion            |       |       |     2 |     2 ||     4
 Stab: Sleeping          |     3 |       |     7 |       ||    10
       Paralysed         |       |     1 |       |       ||     1
       Distracted        |       |       |     1 |       ||     1
  Eat: Chunk             |     3 |    16 |    13 |       ||    32
       Ration            |       |       |     2 |     1 ||     3
Armor: Robe              |    17 |       |       |       ||    17
       Scale mail        |    19 |   101 |    19 |       ||   139
       Ring mail         |       |       |   103 |    36 ||   139
Dodge: Dodged            |    43 |    94 |   140 |    25 ||   302
Block: Other             |    11 |    29 |    54 |    10 ||   104
